 Dungeon Crawl Stone Soup version 0.21-a0-94-gdd6ab6a (webtiles) character file.

8329 nubinia the Zephyrmancer (level 11, -23/56 HPs)
             Began as a Tengu Air Elementalist on July 1, 2017.
             Was a High Priest of Sif Muna.
             Hit by a large rock thrown by a cyclops (41 damage)
             ... on level 9 of the Dungeon.
             The game lasted 01:01:02 (14771 turns).

nubinia the Zephyrmancer (Tengu Air Elementalist)  Turns: 14771, Time: 01:01:02

Health: -23/56     AC:  7    Str:  9    XL:     11   Next: 29%
Magic:  23/24      EV: 13    Int: 19    God:    Sif Muna [*****.]
Gold:   563        SH:  6    Dex: 14    Spells: 5/27 levels left

rFire    + + .     SeeInvis .   a - +3 dagger (venom)
rCold    + . .     Gourm    .   F - +2 buckler {AC+3}
rNeg     + . .     Faith    .   P - +0 robe {rF+}
rPois    .         Spirit   .   (helmet restricted)
rElec    +         Reflect  .   E - +1 cloak
rCorr    .         Harm     .   (no gloves)
MR       .....                  (boots unavailable)
Stlth    ++........             (no amulet)
HPRegen  0.18/turn              T - ring of Vehumet's Hatred {rF+ rN+}
MPRegen  0.19/turn              Q - ring "Pesux" {rElec rC+}

@: divine energy
A: beak, talons 3, sense surroundings 1, able to fly 1
a: Fly, Stop Divine Energy, Channel Magic, Forget Spell, Renounce Religion


You were on level 9 of the Dungeon.
You worshipped Sif Muna.
Sif Muna was extremely pleased with you.
You were not hungry.

You visited 2 branches of the dungeon, and saw 10 of its levels.

You collected 563 gold pieces.

Inventory:

Hand Weapons
 a - a +3 dagger of venom (weapon)
 d - a +0 club
 K - a +2 quarterstaff of chaos
 S - the +3 dire flail of Naiqaed {holy, rPois rF- MR+++ Str-3}
   (You took it off a gnoll on level 9 of the Dungeon)

   It has been blessed by the Shining One to cause great damage to the undead
   and demons.
   It affects your strength (-3).
   It makes you vulnerable to fire.
   It protects you from poison.
   It affects your resistance to hostile enchantments.
Armour
 e - a +0 robe
 y - a scarf of cloud immunity
 D - a +0 robe
 E - a +1 cloak (worn)
 F - a +2 buckler of protection (worn)
 P - a +0 robe of fire resistance (worn)
Magical Staves
 b - an uncursed staff of wizardry
Jewellery
 o - an uncursed ring of ice
 v - an uncursed ring of positive energy
 H - a +2 ring of intelligence
 N - an uncursed ring of protection from fire
 Q - the ring "Pesux" (right hand) {rElec rC+}
   (You took it off a gnoll on level 9 of the Dungeon)

   [ring of protection from cold]

   It protects you from cold.
   It insulates you from electricity.
 T - the ring of Vehumet's Hatred (left hand) {rF+ rN+}
   (You took it off a centaur on level 9 of the Dungeon)

   [ring of positive energy]

   It protects you from fire.
   It protects you from negative energy.
Wands
 g - a wand of random effects (18/48)
Scrolls
 f - 2 scrolls of recharging
 i - a scroll of magic mapping
 j - 2 scrolls of amnesia
 l - 4 scrolls of teleportation
 m - 4 scrolls of fog
 n - 5 scrolls of remove curse
 u - 2 scrolls of fear
 w - 3 scrolls of identify
 O - a scroll of holy word
Potions
 h - a potion of brilliance
 k - a potion of invisibility {unknown}
 q - 2 potions of heal wounds
 s - 3 potions of curing
 x - a potion of ambrosia {unknown}
 z - a potion of agility {unknown}
 A - 2 potions of haste
 B - a potion of mutation
 C - a potion of might {unknown}
 G - a potion of degeneration {unknown}
 I - a potion of lignification {unknown}
 J - a potion of flight {unknown}
Books
 p - a book of Air

   Spells                             Type                      Level
   a - Shock                          Conjuration/Air              1
   b - Swiftness                      Charms/Air                   2
   c - Static Discharge               Conjuration/Air              3
   d - Airstrike                      Air                          4
   e - Lightning Bolt                 Conjuration/Air              5
 r - Sif Muna's Almanac of Displacement
   (You found it on level 5 of the Dungeon)

   Spells                             Type                      Level
   a - Apportation                    Translocation                1
 M - a book of Changes

   Spells                             Type                      Level
   a - Beastly Appendage              Transmutation                1
   b - Sticks to Snakes               Transmutation                2
   c - Spider Form                    Transmutation/Poison         3
   d - Ice Form                       Ice/Transmutation            4
   e - Blade Hands                    Transmutation                5
 R - a book of Enchantments

   Spells                             Type                      Level
   a - Cause Fear                     Hexes                        4
   b - Yara's Violent Unravelling     Hexes/Transmutation          5
   c - Silence                        Hexes/Air                    5
   d - Deflect Missiles               Charms/Air                   6
   e - Discord                        Hexes                        8
Comestibles
 c - 4 bread rations
 t - 3 meat rations
 L - a fruit
 U - a chunk of flesh


   Skills:
 + Level 1.2 Fighting
 + Level 1.8 Short Blades
 + Level 1.4 Staves
 + Level 3.7 Dodging
 + Level 3.8 Stealth
 + Level 1.0 Shields
 + Level 8.6 Spellcasting
 * Level 9.5 Conjurations
 * Level 1.1 Charms
 * Level 14.6 Air Magic


You had 5 spell levels left.
You knew the following spells:

 Your Spells              Type           Power        Failure   Level  Hunger
a - Shock                 Conj/Air       ####         1%          1    None
b - Airstrike             Air            ######....   1%          4    ###....
c - Static Discharge      Conj/Air       ######..     1%          3    None
d - Lightning Bolt        Conj/Air       ######....   2%          5    #####..
e - Apportation           Tloc           #.....       13%         1    None
f - Deflect Missiles      Chrm/Air       #####.....   58%         6    ######.
s - Swiftness             Chrm/Air       #####...     1%          2    None


Dungeon Overview and Level Annotations

Branches:
Dungeon (9/15)             Temple (1/1) D:5
   Lair: D:8-11         Orc: D:9-12

Altars:
Ashenzari
Dithmenos
Elyvilon
Fedhas
Hepliaklqana
Makhleb
Nemelex Xobeh
Okawaru
Ru
Sif Muna
Trog
Uskayaw
Vehumet
Xom
Yredelemnul
The Shining One

Shops:
D:8 ?

Annotations:
D:4 exclusion: oklob plant
D:9 Maurice


Innate Abilities, Weirdness & Mutations

You have a beak for a mouth.
You have claws for feet.
You can fly.
You passively map a small area around you.


Message History

You see here 6 stones.
Things that are here:
5 stones; a quokka corpse You butcher the quokka corpse.
U - a chunk of flesh
Things that are here:
5 stones; a quokka skeleton The cyclops shouts!
You see here 6 stones.
The cyclops throws a large rock.
The large rock hits you!!!
Ouch! That really hurt!
* * * LOW HITPOINT WARNING * * *
You see here a large rock.
An adder comes into view.
The adder hisses angrily.
The cyclops throws a large rock.
You block the large rock.
You see here a large rock.
The cyclops throws a large rock.
The large rock hits you!!!
Ouch! That really hurt!
You die...

.## #.#.##.....#.# *, ,
# #..#.[#.###.#.#
...#.#.(.#.#...# *
#.#C#.#.#(#.#.#.# * , ,
#..##...##SC(..#.# , ,
#.# ##.#####.###.# **,
.. ,.............##### .
#..#..##.##(###.<.# *
.......##.#..@...#.#####
* , ..#
#....(..........)..# * ,
#.#.###.####.##.####.#
........####.##.####.###
#.#####(##......##.....#
* * #(##.#.#####.....# *
#.##.#.# #....##
#(รท....# #....#_
##.....# #....# ,,


You could see a cyclops and an adder.

Vanquished Creatures
  2 two-headed ogres (D:9)
  An ugly thing (D:9)
  The ghost of braks the Skirmisher, an amateur DsAr (D:3)
  2 hippogriffs
  Grum (D:8)
  A yak (D:9)
  2 hungry ghosts
  A vampire mosquito (D:9)
  Menkaure (D:7)
  A water moccasin (D:7)
  6 orc warriors
  An ice beast (D:7)
  5 phantoms
  3 ogres
  6 centaurs
  4 wolves (D:8)
  3 big kobolds
  10 bullfrogs
  3 scorpions
  A wyvern skeleton (D:9)
  9 wights
  6 howler monkeys
  A bullfrog zombie (D:5)
  5 crimson imps
  A bullfrog skeleton (D:7)
  3 jellies
  An orc priest (D:7)
  12 orc wizards
  Crazy Yiuf (D:3)
  2 centaur skeletons
  3 iguanas (D:6)
  7 worker ants
  A killer bee zombie (D:5)
  2 hound skeletons
  A worker ant zombie (D:6)
  9 gnolls
  13 adders
  A hound simulacrum (D:9)
  A shadow imp (D:8)
  2 oozes
  An adder zombie (D:8)
  3 worms
  A dart slug (D:1)
  6 leopard geckos
  33 orcs
  13 bats
  3 giant cockroaches
  2 goblins
  4 hobgoblins
  7 jackals
  5 quokkas
  A ball python (D:1)
  6 frilled lizards
  A jackal skeleton (D:5)
  16 kobolds
  A quokka skeleton (D:5)
  A quokka zombie (D:9)
  13 rats
253 creatures vanquished.

Vanquished Creatures (others)
  9 toadstools (D:4)
9 creatures vanquished.

Grand Total: 262 creatures vanquished

Notes
Turn   | Place    | Note
-------+----------+-------------------------------------------
     0 | D:1      | nubinia the Tengu Air Elementalist began the quest for the Orb.
     0 | D:1      | Reached XP level 1. HP: 10/10 MP: 4/4
   349 | D:1      | Reached XP level 2. HP: 15/15 MP: 4/6
   353 | D:1      | Learned a level 2 spell: Swiftness
  1139 | D:2      | Reached XP level 3. HP: 19/19 MP: 5/7
  1369 | D:2      | Learned a level 3 spell: Static Discharge
  1477 | D:2      | Reached skill level 5 in Air Magic
  1477 | D:2      | Reached XP level 4. HP: 24/24 MP: 3/9
  2384 | D:3      | Noticed braks's ghost (amateur DsAr)
  2525 | D:3      | Gained mutation: You can fly. [Tengu growth]
  2525 | D:3      | Reached XP level 5. HP: 28/28 MP: 3/10
  2681 | D:3      | Found a burning altar of Makhleb.
  3252 | D:3      | Found a runed door.
  3320 | D:3      | Reached XP level 6. HP: 14/33 MP: 1/12
  3669 | D:3      | Noticed Crazy Yiuf
  3673 | D:3      | Killed Crazy Yiuf
  4066 | D:4      | Noticed a phantom
  4078 | D:4      | Killed a phantom
  4078 | D:4      | Reached skill level 6 in Air Magic
  4525 | D:4      | Found a blossoming altar of Fedhas.
  4546 | D:4      | Noticed an oklob plant
  4597 | D:5      | Entered Level 5 of the Dungeon
  4644 | D:5      | Found a staircase to the Ecumenical Temple.
  4653 | Temple   | Entered the Ecumenical Temple
  4877 | Temple   | Became a worshipper of Sif Muna the Loreminder
  5228 | D:5      | Reached XP level 7. HP: 30/37 MP: 9/14
  5264 | D:5      | Reached skill level 1 in Staves
  5648 | D:5      | Reached skill level 7 in Air Magic
  5691 | D:5      | Learned a level 4 spell: Airstrike
  5781 | D:5      | Found a deep blue altar of Sif Muna.
  5800 | D:5      | Identified Sif Muna's Almanac of Displacement
  5975 | D:5      | Reached * piety under Sif Muna
  5975 | D:5      | Reached skill level 5 in Conjurations
  6303 | D:6      | Identified a scroll of acquirement
  6453 | D:6      | Reached XP level 8. HP: 42/42 MP: 11/15
  6486 | D:6      | Learned a level 5 spell: Lightning Bolt
  6710 | D:6      | Reached skill level 8 in Air Magic
  7097 | D:6      | Reached skill level 5 in Spellcasting
  7336 | D:3      | Found a burning altar of Makhleb.
  7556 | D:3      | Killed braks's ghost
  7556 | D:3      | Reached ** piety under Sif Muna
  7556 | D:3      | Reached skill level 9 in Air Magic
  8177 | D:6      | Reached skill level 10 in Air Magic
  8200 | D:6      | Reached XP level 9. HP: 42/46 MP: 5/18
  8589 | D:6      | Found a bloodstained altar of Trog.
  8594 | D:6      | Learned a level 1 spell: Apportation
  8604 | D:6      | Identified the Compendium of Retrieval (You found it on level 6 of the Dungeon)
  9344 | D:7      | Reached *** piety under Sif Muna
  9344 | D:7      | Reached skill level 11 in Air Magic
  9568 | D:7      | Found a glowing golden altar of the Shining One.
  9891 | D:7      | Noticed Menkaure
 10025 | D:7      | Killed Menkaure
 10115 | D:7      | Found a shadowy altar of Dithmenos.
 10391 | D:7      | Reached skill level 12 in Air Magic
 10395 | D:7      | Identified the +6 quarterstaff "Dragonbane" {venom, Int+4} (You took it off an orc wizard on level 7 of the Dungeon)
 10733 | D:7      | Reached XP level 10. HP: 51/51 MP: 7/21
 10750 | D:7      | Reached **** piety under Sif Muna
 11700 | D:8      | Gained mutation: You tend to lose your temper in combat. [potion of mutation]
 11700 | D:8      | Gained mutation: You passively map a small area around you. [potion of mutation]
 11700 | D:8      | Lost mutation: You tend to lose your temper in combat. [potion of mutation]
 11950 | D:8      | Found a shattered altar of Ashenzari.
 11976 | D:8      | Found Nixorgh's Magic Scroll Shoppe.
 12042 | D:8      | Reached skill level 1 in Fighting
 12170 | D:8      | Reached skill level 13 in Air Magic
 12324 | D:8      | Noticed Grum
 12334 | D:8      | Killed Grum
 13275 | D:9      | Reached skill level 1 in Short Blades
 13598 | D:9      | Noticed a two-headed ogre
 13602 | D:9      | Noticed a deep elf mage
 13612 | D:9      | Killed a two-headed ogre
 13612 | D:9      | Reached ***** piety under Sif Muna
 13612 | D:9      | Received a gift from Sif Muna
 13612 | D:9      | Reached skill level 1 in Shields
 13612 | D:9      | Reached skill level 14 in Air Magic
 13619 | D:9      | Reached XP level 11. HP: 46/56 MP: 0/24
 13648 | D:8      | Learned a level 6 spell: Deflect Missiles
 13906 | D:9      | Found a hide-covered altar of Uskayaw.
 14174 | D:9      | Noticed a purple ugly thing
 14188 | D:9      | Killed a purple ugly thing
 14280 | D:9      | Noticed Maurice
 14376 | D:9      | Noticed a two-headed ogre
 14388 | D:9      | Killed a two-headed ogre
 14388 | D:9      | Reached skill level 1 in Charms
 14496 | D:9      | Noticed a cyclops
 14690 | D:9      | Got a shimmering silver ring
 14691 | D:9      | Identified the +3 dire flail of Naiqaed {holy, rPois rF- MR+++ Str-3} (You took it off a gnoll on level 9 of the Dungeon)
 14693 | D:9      | Identified the ring "Pesux" {rElec rC+} (You took it off a gnoll on level 9 of the Dungeon)
 14719 | D:9      | Got a translucent tin ring
 14722 | D:9      | Identified the ring of Vehumet's Hatred {rF+ rN+} (You took it off a centaur on level 9 of the Dungeon)
 14771 | D:9      | Hit by a large rock thrown by a cyclops

Vault maps used:
D:1:      dpeg_arrival_snail
D:2:      first_bread
D:3:      minivault_19, bloody_makhleb, uniq_crazy_yiuf_cottage
D:4:      tgw_fedhas
D:5:      minmay_temple_entry_purple_smoke, led_sif_book
D:6:      minmay_misc_feat_doors, trog_book
D:7:      lemuel_coloured_pillars_altar, grunt_dithmenos_shadows, uniq_menkaure
D:8:      old_standard_altar, serial_shops, shop, uniq_grum
D:9:      minmay_the_grid_square_5x5_4x4, grunt_temple_overflow_gold_and_silver,
          old_standard_altar, chequers_temple_overflow_minitemple, uniq_maurice
Temple:   jpeg_temple_alley_garden

Skill      XL: |  1  2  3  4  5  6  7  8  9 10 11 |
---------------+----------------------------------+-----
Conjurations   | 2 3 4 5 6 7 9 |  9.5
Air Magic      | 5 6 7 10 12 14 | 14.6
Spellcasting   | 3 4 5 6 8 |  8.6
Staves         | 1 |  1.4
Stealth        | 3 |  3.8
Dodging        | 3 |  3.7
Fighting       | 1 |  1.2
Short Blades   | 1 |  1.8
Shields        | 1 |  1.0
Charms         | 1 |  1.1

Action                   |  1- 3 |  4- 6 |  7- 9 | 10-12 || total
-------------------------+-------+-------+-------+-------++-------
Melee: Club              |    12 |     5 |       |       ||    17
       Kick              |     3 |     1 |    12 |    17 ||    33
       Peck              |     2 |     1 |    10 |    16 ||    29
       Staff             |       |     4 |    22 |       ||    26
       Quarterstaff      |       |     5 |     6 |       ||    11
       Dagger            |       |       |    22 |   113 ||   135
 Cast: Shock             |    58 |   129 |   172 |   111 ||   470
       Static Discharge  |       |     5 |    16 |       ||    21
       Airstrike         |       |       |    65 |    66 ||   131
       Apportation       |       |       |     3 |       ||     3
       Deflect Missiles  |       |       |       |     1 ||     1
Invok: Divine Energy     |       |       |     1 |       ||     1
 Abil: Fly               |       |       |    14 |    17 ||    31
  Use: Potion            |     1 |     2 |     1 |     2 ||     6
       Scroll            |       |    12 |     3 |     3 ||    18
 Stab: Sleeping          |     1 |     1 |     1 |     3 ||     6
  Eat: Chunk             |     3 |    10 |    27 |    21 ||    61
       Royal jelly       |       |       |     1 |     1 ||     2
       Fruit             |       |       |     1 |     1 ||     2
Armor: Robe              |     1 |     2 |    14 |    24 ||    41
Dodge: Dodged            |    14 |    26 |    56 |    91 ||   187
       Deflected         |       |       |       |     2 ||     2
Block: Buckler           |       |       |    20 |    29 ||    49
